 Dungeon Crawl Stone Soup version 0.29.1-15-g9cfb28693d (webtiles) character file.

Game seed: 8146995547489530658

219 OrthodoxDeviant the Trooper (level 5, 0/48 HPs)
             Began as a Ghoul Fighter on Apr 23, 2023.
             Slain by Crazy Yiuf
             ... wielding a +3 quarterstaff of chaos
              (5 damage)
             ... on level 3 of the Dungeon.
             The game lasted 00:05:40 (3856 turns).

OrthodoxDeviant the Trooper (Ghoul Fighter)         Turns: 3856, Time: 00:05:40

Health: 0/48       AC:  6    Str: 22    XL:     5   Next: 96%
Magic:  4/4        EV:  9    Int:  3    God:
Gold:   134        SH:  4    Dex:  8    Spells: 4/4 levels left

rFire   . . .      SeeInvis .   a - +0 long sword
rCold   + . .      Faith    .   c - +0 buckler
rNeg    + + +      Spirit   .   b - +0 scale mail
rPois   ∞          Reflect  .   (no helmet)
rElec   .          Harm     .   (no cloak)
rCorr   .          Rampage  .   (no gloves)
Will    .....                   (no boots)
Stlth   ..........              (no amulet)
HPRegen 0.00/turn               (no ring)
MPRegen 0.09/turn               (no ring)

@: inhibited regen
A: claws 1, cold resistance 1, negative energy resistance 3, inhibited
regeneration, torment resistance 2, devour on kill
a: no special abilities


You were on level 3 of the Dungeon.
You visited 1 branch of the dungeon, and saw 3 of its levels.

You collected 134 gold pieces.

Inventory:

Hand Weapons
 a - a +0 long sword (weapon)
Missiles
 k - 6 javelins (quivered)
Armour
 b - a +0 scale mail (worn)
 c - a +0 buckler (worn)
Scrolls
 d - a scroll of noise
 e - 2 scrolls of summoning
 h - 3 scrolls of identify
 i - a scroll of enchant armour
Potions
 f - a potion of heal wounds {unknown}
 g - a potion of mutation
 j - a potion of invisibility {unknown}
 l - a potion of haste {unknown}


   Skills:
 + Level 5.5 Fighting
 + Level 4.0 Long Blades
 - Level 2.6 Armour
 - Level 2.6 Shields


You had 4 spell levels left.
You didn't know any spells.
Your spell library contained the following spells:

 Spells                   Type           Power      Damage    Failure   Level
 Apportation              Tloc           0%         N/A       91%         1
 Necrotise                Necr           0%         1d4       91%         1
 Summon Small Mammal      Summ           0%         N/A       91%         1


Dungeon Overview and Level Annotations

Branches:
Dungeon (3/15)

Altars:
Nemelex Xobeh

Annotations:
D:3 Crazy Yiuf


Innate Abilities, Weirdness & Mutations

You are immune to poison.
You have sharp fingernails.
Your flesh is cold resistant. (rC+)
You are immune to negative energy. (rN+++)
You do not regenerate when monsters are visible.
You are immune to unholy pain and torment.
You thrive by killing the living.


Message History

As you read the scroll labelled YGAEFRA MUJUDGH, it crumbles to dust.
It is a scroll of identify.
d - a scroll of noise
As you read the scroll of identify, it crumbles to dust.
i - a scroll of enchant armour
As you read the scroll of identify, it crumbles to dust.
g - a potion of mutation
Okay, then.
As you open the door, it creaks loudly!
You hit Crazy Yiuf.
Crazy Yiuf is moderately wounded.
Crazy Yiuf screams, "Snurf agre stair!"
Crazy Yiuf hits you with a +3 quarterstaff of chaos.
Crazy Yiuf burns you.
Crazy Yiuf twirls on the spot.
Crazy Yiuf barely misses you.
You hit Crazy Yiuf.
Crazy Yiuf is severely wounded.
Crazy Yiuf says, "Action!"
Crazy Yiuf hits you with a +3 quarterstaff of chaos.
You hit Crazy Yiuf.
Crazy Yiuf is severely wounded.
Crazy Yiuf says, "Lay!"
You block Crazy Yiuf's attack.
You closely miss Crazy Yiuf.
Crazy Yiuf is severely wounded.
Crazy Yiuf screams, "Race!
Mugger poople rumpyflump."
Crazy Yiuf hits you with a +3 quarterstaff of chaos.
Crazy Yiuf freezes you.
You hit Crazy Yiuf but do no damage.
Crazy Yiuf is severely wounded.
Crazy Yiuf barely misses you.
Crazy Yiuf hits you with a +3 quarterstaff of chaos!
You convulse!
* * * LOW HITPOINT WARNING * * *
Unknown command.
You hit Crazy Yiuf.
Crazy Yiuf is almost dead.
Crazy Yiuf hits you with a +3 quarterstaff of chaos.
You die...

#.[.# #.......
#...#
#####.......
#...#
#...........
#####
####...###..
#...# #.. #.<.#
#.. ### ####..##
##. #)..###
##.#...# #.
#...g@####.P....#
#.
#...##..#.P....##
#. ###
###.#..#.## ##
########


You could see Crazy Yiuf.

Vanquished Creatures
  2 orc wizards (D:3)
  An iguana (D:3)
  3 gnolls (D:2)
  An adder (D:2)
  3 worms
  3 dart slugs
  13 orcs (D:3)
  9 ball pythons
  4 bats
  5 endoplasms
  4 giant cockroaches
  4 goblins
  4 hobgoblins
  4 jackals (D:1)
  3 quokkas
  11 frilled lizards
  4 kobolds
  4 rats
  2 toadstools (D:1)
84 creatures vanquished.

Vanquished Creatures (others)
  2 toadstools (D:1)
2 creatures vanquished.

Grand Total: 86 creatures vanquished

Notes
Turn   | Place    | Note
-------+----------+-------------------------------------------
     0 | D:1      | OrthodoxDeviant the Ghoul Fighter began the quest for the
                  | Orb.
     0 | D:1      | Reached XP level 1. HP: 19/19 MP: 0/0
    57 | D:1      | You fall into a shaft and drop 1 floor!
   183 | D:1      | Reached XP level 2. HP: 22/26 MP: 1/1
   603 | D:1      | Reached XP level 3. HP: 33/33 MP: 2/2
   756 | D:1      | Found a faded altar of an unknown god.
  1014 | D:1      | Reached skill level 4 in Fighting
  1650 | D:2      | Reached XP level 4. HP: 31/41 MP: 3/3
  2402 | D:3      | Reached XP level 5. HP: 8/47 MP: 4/4
  2724 | D:3      | Reached skill level 5 in Fighting
  2864 | D:3      | Found a sparkling altar of Nemelex Xobeh.
  3500 | D:3      | Identified the +3 scale mail of Creativity {Dex+6 Slay-5
                  | Stlth+}
  3843 | D:3      | Found a runed translucent door.
  3844 | D:3      | Noticed Crazy Yiuf
  3856 | D:3      | Slain by Crazy Yiuf

Illustrated notes

Levels and vault maps discovered:
D:1:      ldierk_water_garden, layout_basic, dilly_ecumenical_altar_fadedgnrine
D:2:      layout_loops_corners, st_stairs_6, minmay_lizard_pond
D:3:      layout_basic, lemuel_round_altar, amcnicky_mini_pool_small,
          uniq_crazy_yiuf_cottage

Skill      XL: |  1  2  3  4  5 |
---------------+----------------+-----
Long Blades    | 2 3 4 |  4.0
Fighting       | 4 5 |  5.5
Armour         | |  2.6
Shields        | |  2.6

Action                   |  1- 3 |  4- 6 || total
-------------------------+-------+-------++-------
Melee: Long sword        |   140 |   180 ||   320
Throw: Javelin           |       |     6 ||     6
  Use: Scroll            |     1 |     3 ||     4
       Potion            |       |     3 ||     3
Armor: Scale mail        |    76 |    68 ||   144
Dodge: Dodged            |    75 |    51 ||   126
Block: Buckler           |    29 |    28 ||    57
